 Dungeon Crawl Stone Soup version 0.30-a0-140-gd1020e658a (webtiles) character file.

Game seed: 18072890092193631032

184 qw the Chopper (level 5, -2/32 HPs)
             Began as a Gargoyle Fighter on Sept 24, 2022.
             Slain by a gnoll
             ... wielding a +0 halberd
              (10 damage)
             ... on level 4 of the Dungeon.
             The game lasted 00:01:01 (2743 turns).

qw the Chopper (Gargoyle Fighter)                   Turns: 2743, Time: 00:01:02

Health: -2/32      AC: 14    Str: 22    XL:     5   Next: 63%
Magic:  5/5        EV:  9    Int:  8    God:
Gold:   159        SH:  4    Dex:  9    Spells: 4/4 levels left

rFire   . . .      SeeInvis .    Y - +1 war axe
rCold   . . .      Faith    .    c - +0 buckler
rNeg    + . .      Spirit   .    b - +0 scale mail
rPois   inf        Reflect  .    g - +1 helmet
rElec   +          Harm     .    (no cloak)
rCorr   .          Rampage  .    (no gloves)
Will    .....                    p - +0 pair of boots
Stlth   ..........               (no amulet)
HPRegen 0.10/turn                (no ring)
MPRegen 0.09/turn                (no ring)

@: no status effects
A: sickness immunity, AC +4, negative energy resistance 1, electricity
resistance, torment resistance 1, petrification resistance, fangs 1, evolution
1, noise suppression
a: no special abilities


You were on level 4 of the Dungeon.
You visited 1 branch of the dungeon, and saw 4 of its levels.

You collected 159 gold pieces.


Innate Abilities, Weirdness & Mutations

You are immune to sickness and miasma.
Your stone body is resilient. (AC +4)
You are immune to poison.
You resist negative energy. (rN+)
You are resistant to electric shocks. (rElec)
You are resistant to unholy torment.
You are immune to petrification.
You have very sharp teeth.
You have hidden genetic potential.
You passively dampen the noise of your surroundings.


   Skills:
 - Level 3.2 Fighting
 + Level 4.9 Axes
 - Level 1.3 Throwing
 - Level 3.2 Armour
 - Level 3.2 Shields


You had 4 spell levels left.
You didn't know any spells.
Your spell library was empty.

Inventory:

Hand Weapons
 n - a +0 flail
 Y - a +1 war axe (weapon)
Armour
 b - a +0 scale mail (worn)
 c - a +0 buckler (worn)
 g - a +1 helmet (worn)
 p - a +0 pair of boots (worn)
Scrolls
 i - a scroll of identify
Potions
 a - a potion of attraction
 d - 2 potions of might
 f - a potion of curing
 h - a potion of berserk rage {unknown}
 j - a potion of mutation
 l - a potion of flight {unknown}

Dungeon Overview and Level Annotations

Branches:
Dungeon (4/15)
 Temple: D:4-7

Altars:
Dithmenos
Vehumet

Annotations:
D:3 1 runed translucent door, Crazy Yiuf


Message History

The gnoll shouts! x3
Found a potion of curing.
There is a stone staircase leading up here.
There are monsters nearby!
Existing waypoints: (1) D:2 (2) D:3 Assign waypoint to what number? (0-9, D - delete waypoint) Waypoint 1 re-assigned from D:2 to D:4.
2734 ||| PLANNING OSSUARY The gnoll hits you but does no damage.
You slash the gnoll!
The gnoll is almost dead.
The gnoll barely misses you.
The gnoll throws a throwing net.
The throwing net hits you.
You become entangled in the net!
You struggle against the net.
The gnoll hits you from afar with a +0 halberd!
The gnoll hits you but does no damage. The gnoll barely misses you.
You struggle against the net.
The gnoll hits you but does no damage. x2
The gnoll hits you from afar with a +0 halberd.
You struggle against the net.
The gnoll hits you but does no damage. The gnoll closely misses you.
The gnoll hits you but does no damage.
You shred the net and break free! The gnoll hits you with a +0 whip.
The gnoll closely misses you.
The gnoll hits you from afar with a +0 halberd!
2741 ||| DRINKING potion of heal wounds.
You feel much better.
The gnoll hits you but does no damage. x2; You block the gnoll's attack.
You barely miss the gnoll. Your bite misses the gnoll.
The gnoll is almost dead.
The gnoll hits you from afar with a +0 halberd!
The gnoll hits you with a +0 whip!
The gnoll hits you from afar with a +0 halberd.
You barely miss the gnoll. Your bite misses the gnoll.
The gnoll is almost dead.
You block the gnoll's attack. The gnoll closely misses you.
You block the gnoll's attack.
The gnoll hits you from afar with a +0 halberd!
You die...

## .. ##.
#..
#####+#.##
........<#
.........#
.......@g#
.........#
.......gg#
.....!....
.........#.
.......#.#.#
....... .# #
...##.# .#


You could see 3 gnolls.

Vanquished Creatures
  Robin (D:3)
  7 gnolls (D:3)
  4 adders
  A worm (D:2)
  An orc (D:3)
  7 bats
  An endoplasm (D:1)
  4 giant cockroaches
  12 goblins
  7 hobgoblins
  3 jackals (D:2)
  3 quokkas
  3 ball pythons
  A frilled lizard (D:2)
  5 kobolds
  6 rats
66 creatures vanquished.

Vanquished Creatures (others)
  A fungus (D:2)
  A plant (D:2)
2 creatures vanquished.

Grand Total: 68 creatures vanquished

Notes
Turn   | Place    | Note
-------+----------+-------------------------------------------
     0 | D:1      | qw the Gargoyle Fighter began the quest for the Orb.
     0 | D:1      | Reached XP level 1. HP: 14/14 MP: 1/1
     0 | D:1      | 0 ||| qw: Version: 0.1.0-9-gbc19398
     0 | D:1      | 0 ||| qw: Game counter: 15
     0 | D:1      | 0 ||| qw: Always use a shield: true
     0 | D:1      | 0 ||| qw: God list: Okawaru
     0 | D:1      | 0 ||| qw: Allow faded altars: false
     0 | D:1      | 0 ||| qw: Do Orc after D:15 true
     0 | D:1      | 0 ||| qw: Do second Lair branch before Depths: true
     0 | D:1      | 0 ||| qw: Lair rune preference: random
     0 | D:1      | 0 ||| qw: Plans: Normal, Zot:1-4, God:TSO, Crypt, Tomb,
                  | Pan, Slime:5, Hells, Abyss, Orb
     0 | D:1      | 0 ||| PLANNING D:1-11
   123 | D:1      | Reached skill level 2 in Axes
   365 | D:1      | Reached XP level 2. HP: 19/19 MP: 2/2
   674 | D:1      | 674 ||| Stepping ~*~*~tactically~*~*~ (stealth).
   729 | D:1      | 729 ||| DROPPING +0 club.
   762 | D:1      | 762 ||| UPGRADING to +1 helmet.
   767 | D:1      | 767 ||| READING scroll labelled NOAGAO TAUST.
   768 | D:1      | 768 ||| READING 3 scrolls labelled NIBLOOHEATZ.
   769 | D:1      | 769 ||| DRINKING 2 bubbling red potions.
   770 | D:1      | 770 ||| DROPPING potion of brilliance.
   771 | D:1      | 771 ||| DROPPING 2 scrolls of immolation.
   825 | D:2      | Found a faded altar of an unknown god.
   830 | D:2      | 830 ||| Stepping ~*~*~tactically~*~*~ (stealth).
   917 | D:2      | Reached skill level 3 in Axes
  1017 | D:2      | 1017 ||| Stepping ~*~*~tactically~*~*~ (stealth).
  1029 | D:2      | Reached XP level 3. HP: 22/23 MP: 3/3
  1033 | D:2      | 1033 ||| Stepping ~*~*~tactically~*~*~ (stealth).
  1034 | D:2      | 1034 ||| Stepping ~*~*~tactically~*~*~ (stealth).
  1528 | D:2      | 1528 ||| READING scroll labelled DOJEME ZESTE.
  1529 | D:2      | 1529 ||| READING scroll labelled KYRCHA WASY.
  1530 | D:2      | 1530 ||| READING 2 scrolls of identify.
  1530 | D:2      | 1530 ||| IDENTIFYING smoky blue potion
  1572 | D:3      | 1572 ||| Stepping ~*~*~tactically~*~*~ (stealth).
  1574 | D:3      | 1574 ||| Stepping ~*~*~tactically~*~*~ (stealth).
  1589 | D:3      | Reached XP level 4. HP: 27/28 MP: 4/4
  1592 | D:3      | Reached skill level 4 in Axes
  1728 | D:3      | 1728 ||| Stepping ~*~*~tactically~*~*~ (hiding).
  1731 | D:3      | 1731 ||| Stepping ~*~*~tactically~*~*~ (hiding).
  1733 | D:3      | 1733 ||| Stepping ~*~*~tactically~*~*~ (hiding).
  1902 | D:3      | 1902 ||| Stepping ~*~*~tactically~*~*~ (stealth).
  1903 | D:3      | 1903 ||| Stepping ~*~*~tactically~*~*~ (stealth).
  1958 | D:3      | Found a shadowy altar of Dithmenos.
  2087 | D:3      | Reached XP level 5. HP: 32/32 MP: 5/5
  2091 | D:3      | Reached skill level 1 in Throwing
  2098 | D:3      | 2098 ||| DROPPING +0 whip.
  2113 | D:3      | 2113 ||| Stepping ~*~*~tactically~*~*~ (stealth).
  2200 | D:3      | Found a radiant altar of Vehumet.
  2207 | D:3      | Noticed Robin
  2220 | D:3      | Killed Robin
  2461 | D:3      | Found a runed translucent door.
  2462 | D:3      | Noticed Crazy Yiuf
  2698 | D:3      | 2698 ||| UPGRADING to +0 pair of boots.
  2703 | D:3      | 2703 ||| READING scroll labelled LIBACL DUC PACROV.
  2704 | D:3      | 2704 ||| READING scroll labelled KAATOI KUMI.
  2705 | D:3      | 2705 ||| DRINKING 2 bubbling emerald potions.
  2705 | D:3      | Gained mutation: You have very sharp teeth. [potion of
                  | mutation]
  2705 | D:3      | Gained mutation: You passively dampen the noise of your
                  | surroundings. [potion of mutation]
  2705 | D:3      | Gained mutation: You have hidden genetic potential. [potion
                  | of mutation]
  2706 | D:3      | 2706 ||| DRINKING 2 pink potions.
  2707 | D:3      | 2707 ||| READING 2 scrolls of identify.
  2707 | D:3      | 2707 ||| IDENTIFYING puce potion
  2734 | D:4      | 2734 ||| PLANNING OSSUARY
  2740 | D:4      | HP: 7/32 [gnoll/+0 halberd (9)]
  2741 | D:4      | 2741 ||| DRINKING potion of heal wounds.
  2743 | D:4      | Slain by a gnoll

Levels and vault maps discovered:
D:1:      amcnicky_arrival_choice, layout_loops_cross
D:2:      layout_basic, shapermc_ecumenical_altar_mp_urbaneastern,
          kennysheep_cross_room, serial_park_tiny_2
D:3:      layout_basic, mainiacjoe_overflow_tiny_flanked,
          mainiacjoe_overflow_small_starburst, minmay_misc_feat_rugged,
          minivault_26, uniq_crazy_yiuf_cottage, uniq_robin
D:4:      layout_basic, nicolae_ossuary_entry_ruins, serial_shops, shop,
          uniq_menkaure

Skill      XL: |  1  2  3  4  5 |
---------------+----------------+-----
Axes           | 2 3 4 |  4.9
Throwing       | 1 |  1.3
Fighting       | |  3.2
Armour         | |  3.2
Shields        | |  3.2

Action                   |  1- 3 |  4- 6 || total
-------------------------+-------+-------++-------
Melee: War axe           |   110 |    96 ||   206
Throw: Javelin           |       |     7 ||     7
  Use: Scroll            |     5 |     3 ||     8
       Potion            |     1 |     3 ||     4
Armor: Scale mail        |    70 |    67 ||   137
Dodge: Dodged            |    64 |    49 ||   113
Block: Buckler           |    22 |    21 ||    43

Table legend:
 A = Non-vault XP
 B = Vault XP
 C = Vault XP percentage of total XP
 D = Non-vault monster count
 E = Vault monster count
 F = Vault count percentage of total count
                 A         B        C        D         E       F
            +---------+---------+-------+---------+---------+-------
      Total |     226 |      37 |  14.1 |      53 |      13 |  19.7
            +---------+---------+-------+---------+---------+-------
        D:1 |      22 |       0 |   0.0 |      14 |       0 |   0.0
        D:2 |      54 |       0 |   0.0 |      16 |       0 |   0.0
        D:3 |     150 |      37 |  19.8 |      23 |      13 |  36.1
            +---------+---------+-------+---------+---------+-------
